 Dungeon Crawl Stone Soup version 0.24-a0-487-g57318f2ed0 (webtiles) character file.

Game seed: 9949767197544087300

49 Gynju the Stinger (level 3, 0/26 HPs)
             Began as a Draconian Venom Mage on July 11, 2019.
             Slain by a crimson imp (1 damage)
             ... on level 2 of the Dungeon.
             The game lasted 00:03:32 (1701 turns).

Gynju the Stinger (Draconian Venom Mage)            Turns: 1701, Time: 00:03:33

Health: 0/26       AC:  5    Str: 10    XL:     3   Next: 53%
Magic:  6/6        EV: 12    Int: 16    God:
Gold:   33         SH:  0    Dex: 11    Spells: 3/7 levels left

rFire    . . .     SeeInvis .   c - +0 dagger
rCold    . . .     Gourm    .   (no shield)
rNeg     . . .     Faith    .   (armour unavailable)
rPois    .         Spirit   .   (helmet restricted)
rElec    .         Reflect  .   (no cloak)
rCorr    .         Harm     .   (no gloves)
MR       .....                  (no boots)
Stlth    ++........             (no amulet)
HPRegen  0.08/turn              (no ring)
MPRegen  0.10/turn              (no ring)

@: no status effects
A: unfitting armour, cold-blooded, AC +5
a: no special abilities


You were on level 2 of the Dungeon.
You were very hungry.

You visited 1 branch of the dungeon, and saw 2 of its levels.

You collected 33 gold pieces.

Inventory:

Hand Weapons
 c - a +0 dagger (weapon)
Jewellery
 f - an uncursed ring of protection from cold {unknown}
Wands
 d - a wand of paralysis (6)
Scrolls
 a - 2 scrolls of identify {unknown}
 e - a scroll of enchant weapon {unknown}
 g - a scroll of noise {unknown}
 h - a scroll of amnesia {unknown}
 i - a scroll of random uselessness {unknown}
 j - a scroll of immolation {unknown}
Comestibles
 b - 2 rations


   Skills:
 - Level 1.7 Dodging
 - Level 1.7 Stealth
 + Level 2.6 Spellcasting
 + Level 2.1 Conjurations
 + Level 3.5 Poison Magic


You had 3 spell levels left.
You knew the following spells:

 Your Spells              Type           Power        Failure   Level  Hunger
a - Sting                 Conj/Pois      ##..         6%          1    #......
b - Mephitic Cloud        Conj/Pois/Air  #.......     26%         3    ###....

Your spell library contained the following spells:

 Spells                   Type           Power        Failure   Level  Hunger
 Poisonous Vapours        Pois/Air       #.....       14%         2    ##.....
 Olgreb's Toxic Radiance  Pois           ##......     41%         4    #####..
 Venom Bolt               Conj/Pois      ##........   86%         5    ######.


Dungeon Overview and Level Annotations

Branches:
Dungeon (2/15)

Altars:


Innate Abilities, Weirdness & Mutations

Your plain brown scales are hard. (AC +5)
You cannot fit into any form of body armour.
You are cold-blooded and may be slowed by cold attacks.


Message History

The crimson imp closely misses you.
You hit the crimson imp.
Your tail-slap misses the crimson imp.
The crimson imp is lightly wounded.
The crimson imp hits you but does no damage.
You closely miss the crimson imp.
The crimson imp is lightly wounded.
The crimson imp hits you but does no damage.
You hit the crimson imp but do no damage.
You tail-slap the crimson imp.
The crimson imp is moderately wounded.
The crimson imp barely misses you.
You barely miss the crimson imp.
The crimson imp is moderately wounded.
The crimson imp hits you.
* * * LOW HITPOINT WARNING * * *
You hit the crimson imp but do no damage.
You tail-slap the crimson imp, but do no damage.
The crimson imp is lightly wounded.
The crimson imp hits you.
You die...

#.# ##.#.#.#....# #.#
#...#.#..#.# #.......#
#.# ##..#.#..#.#
#.......# #.#
#..#.#..#.# .......# #.#
##.#.#..#'### #.......
#.#
####.#.#......###......$
#.#
#<.....#......'.'.......
###...........###(......
+...5@......(.).(.$...
#.....################
#......# #......#
#......# #...#### #...#
#...


You could see a crimson imp.

Vanquished Creatures
  A gnoll (D:1)
  2 dart slugs (D:1)
  2 leopard geckos (D:1)
  4 bats (D:1)
  2 giant cockroaches (D:1)
  3 goblins
  3 hobgoblins (D:1)
  3 jackals (D:1)
  5 kobolds (D:1)
  A ball python (D:1)
  2 frilled lizards (D:1)
  4 rats (D:1)
32 creatures vanquished.

Notes
Turn   | Place    | Note
-------+----------+-------------------------------------------
     0 | D:1      | Gynju the Draconian Venom Mage began the quest for the Orb.
     0 | D:1      | Reached XP level 1. HP: 14/14 MP: 3/3
    54 | D:1      | Reached XP level 2. HP: 7/20 MP: 0/5
   723 | D:1      | Reached XP level 3. HP: 26/26 MP: 2/6
  1555 | D:2      | Learned a level 3 spell: Mephitic Cloud
  1700 | D:2      | HP: 1/26 [crimson imp (2)]
  1701 | D:2      | Slain by a crimson imp

Levels and vault maps discovered:
D:1:      minmay_arrival_doors, layout_rooms, serial_corexii_hall,
          chequers_hall_statues_y, chequers_hall_statues_corner_a
D:2:      layout_basic, nrook_loot_triangle

Skill      XL: |  1  2  3 |
---------------+----------+-----
Conjurations   | 2 |  2.1
Dodging        | |  1.7
Stealth        | |  1.7
Spellcasting   | |  2.6
Poison Magic   | |  3.5

Action                   || total
-------------------------++-------
Melee: Unarmed           ||    20
       Tailslap          ||     5
       Dagger            ||    89
 Cast: Sting             ||    58
  Eat: Chunk             ||     2
Armor: Skin              ||    42
Dodge: Dodged            ||    81

Table legend:
 A = Non-vault XP
 B = Vault XP
 C = Vault XP percentage of total XP
 D = Non-vault monster count
 E = Vault monster count
 F = Vault count percentage of total count
                 A         B        C        D         E       F
            +---------+---------+-------+---------+---------+-------
      Total |      71 |       0 |   0.0 |      32 |       0 |   0.0
            +---------+---------+-------+---------+---------+-------
        D:1 |      69 |       0 |   0.0 |      31 |       0 |   0.0
        D:2 |       2 |       0 |   0.0 |       1 |       0 |   0.0
            +---------+---------+-------+---------+---------+-------
